 Dungeon Crawl Stone Soup version 0.23.2-33-g5129a83184 (webtiles) character file.

Game seed: 5946355283787225333

51 FishyPogo the Poker (level 3, -1/28 HPs)
             Began as a Merfolk Skald on Aug 8, 2019.
             Slain by a hobgoblin (2 damage)
             ... on level 2 of the Dungeon.
             The game lasted 00:10:39 (1609 turns).

FishyPogo the Poker (Merfolk Skald)                 Turns: 1609, Time: 00:10:40

Health: -1/28      AC:  5    Str: 12    XL:     3   Next: 83%
Magic:  2/6        EV: 11    Int: 12    God:
Gold:   21         SH:  0    Dex: 13    Spells: 0/6 levels left

rFire    . . .     SeeInvis .   a - +0 spear
rCold    . . .     Gourm    .   (no shield)
rNeg     . . .     Faith    .   n - +0 ring mail
rPois    .         Spirit   .   (no helmet)
rElec    .         Reflect  .   (no cloak)
rCorr    .         Harm     .   (no gloves)
MR       .....                  (no boots)
Stlth    ++........             (no amulet)
HPRegen  0.09/turn              i - ring of wizardry
MPRegen  0.10/turn              l - ring of stealth

@: no status effects
A: change form in water, swift swim, stealthy swim
a: no special abilities


You were on level 2 of the Dungeon.
You were not hungry.

You visited 1 branch of the dungeon, and saw 2 of its levels.

You collected 21 gold pieces.

Inventory:

Hand Weapons
 a - a +0 spear (weapon)
Missiles
 c - 51 stones (quivered)
Armour
 n - a +0 ring mail (worn)
Jewellery
 i - a ring of wizardry (left hand)
 l - a ring of stealth (right hand)
 o - an uncursed ring of ice
Scrolls
 b - a scroll of random uselessness {unknown}
 e - a scroll of identify {unknown}
 f - a scroll of magic mapping {unknown}
 h - a scroll of teleportation {unknown}
 k - a scroll of enchant armour {unknown}
 q - a scroll of remove curse {unknown}
Potions
 g - a potion of resistance {unknown}
 j - a potion of haste {unknown}
 m - 2 potions of lignification {unknown}
 r - a potion of berserk rage {unknown}
Comestibles
 d - 4 rations
 p - a chunk of flesh


   Skills:
 + Level 2.6 Fighting
 * Level 3.8 Polearms
 * Level 1.2 Armour
 + Level 3.1 Dodging
 + Level 2.1 Spellcasting
 * Level 3.7 Charms


You couldn't memorise any spells.
You knew the following spells:

 Your Spells              Type           Power        Failure   Level  Hunger
a - Infusion              Chrm           ##..         5%          1    ##.....
b - Song of Slaying       Chrm           ##......     9%          2    ###....
c - Regeneration          Chrm/Necr      #.........   32%         3    ####...

Your spell library contained the following spells:

 Spells                   Type           Power        Failure   Level  Hunger
 Shroud of Golubria       Chrm/Tloc      #.........   16%         2    ###....
 Spectral Weapon          Hex/Chrm       #.......     32%         3    ####...


Dungeon Overview and Level Annotations

Branches:
Dungeon (2/15)

Altars:


Message History

You completely miss the hobgoblin. You hit the hobgoblin.
You kill the hobgoblin!
You closely miss the hobgoblin.
The hobgoblin hits you but does no damage.
You closely miss the hobgoblin.
You are no longer magically infusing your attacks.
The hobgoblin hits you.
* * * LOW HITPOINT WARNING * * *
You hit the hobgoblin but do no damage.
The hobgoblin hits you but does no damage.
You hit the hobgoblin.
The hobgoblin is moderately wounded.
The hobgoblin hits you.
* * * LOW HITPOINT WARNING * * *
Okay, then.
You closely miss the hobgoblin.
The hobgoblin is moderately wounded.
The hobgoblin hits you.
You die...

#........##(#
#........'..# ##
#........#######.
#........'.....#.
#####........#####'#.
.............#.......
##.........#......#
#.........#......#
#@#...............
#g#####...##......
#........#........
##................
......†...##..#.#....#.
#####......#..#.#....#.
#......####.#.#####
......... ..#..
............ ..<


You could see a hobgoblin.

Vanquished Creatures
  2 adders (D:2)
  A dart slug (D:1)
  A leopard gecko (D:1)
  2 giant cockroaches
  3 hobgoblins
  6 jackals (D:1)
  4 kobolds
  A ball python (D:1)
  3 bats
  3 frilled lizards (D:1)
  A goblin (D:1)
  5 rats (D:1)
32 creatures vanquished.

Notes
Turn   | Place    | Note
-------+----------+-------------------------------------------
     0 | D:1      | FishyPogo the Merfolk Skald began the quest for the Orb.
     0 | D:1      | Reached XP level 1. HP: 16/16 MP: 3/3
   344 | D:1      | Reached XP level 2. HP: 23/23 MP: 1/5
   822 | D:1      | Learned a level 2 spell: Song of Slaying
   828 | D:1      | Reached skill level 1 in Armour
  1061 | D:1      | Reached XP level 3. HP: 28/28 MP: 2/6
  1491 | D:2      | Learned a level 3 spell: Regeneration
  1608 | D:2      | HP: 1/28 [hobgoblin (4)]
  1609 | D:2      | Slain by a hobgoblin

Skill      XL: |  1  2  3 |
---------------+----------+-----
Armour         | 1 |  1.2
Dodging        | 3 |  3.1
Fighting       | |  2.6
Polearms       | |  3.8
Spellcasting   | |  2.1
Charms         | |  3.7

Action                   || total
-------------------------++-------
Melee: Spear             ||   116
       Tailslap          ||     1
Throw: Stone             ||    16
 Cast: Infusion          ||    13
 Stab: Sleeping          ||     1
  Eat: Chunk             ||     3
Armor: Leather armour    ||     5
       Ring mail         ||    38
Dodge: Dodged            ||    54
